 Dungeon Crawl Stone Soup version 0.22-a0-456-g11ed031 (webtiles) character file.

25 grizmgrazm2 the Skirmisher (level 2, 27/27 HPs)
             Began as a Minotaur Monk on June 6, 2018.
             Got out of the dungeon alive.
             The game lasted 00:01:23 (384 turns).

grizmgrazm2 the Skirmisher (Minotaur Monk)           Turns: 384, Time: 00:01:24

Health: 27/27      AC:  5    Str: 15    XL:     2   Next: 86%
Magic:  1/1        EV: 12    Int:  7    God:
Gold:   45         SH:  0    Dex: 12    Spells: 1/1 levels left

rFire    . . .     SeeInvis .   h - +0 whip
rCold    . . .     Gourm    .   (no shield)
rNeg     . . .     Faith    .   c - +0 ring mail
rPois    .         Spirit   .   (helmet restricted)
rElec    .         Reflect  .   (no cloak)
rCorr    .         Harm     .   (no gloves)
MR       .....                  (no boots)
Stlth    +.........             (no amulet)
HPRegen  0.09/turn              (no ring)
MPRegen  0.07/turn              (no ring)

@: no status effects
A: retaliatory headbutt, horns 2
a: no special abilities


You escaped.
You were not hungry.

You visited 1 branch of the dungeon, and saw 1 of its levels.

You collected 45 gold pieces.

Inventory:

Hand Weapons
 h - a +0 whip (weapon)
Armour
 a - a +0 robe
 c - a +0 ring mail (worn)
Scrolls
 e - a scroll of identify {unknown}
 g - a scroll of enchant armour {unknown}
Potions
 f - a potion of brilliance {unknown}
Comestibles
 b - 3 rations


   Skills:
 + Level 4.2 Fighting
 + Level 3.8 Dodging
 - Level 1.5 Stealth
 - Level 3.5 Unarmed Combat


You had one spell level left.
You didn't know any spells.
Your spell library was empty.

Dungeon Overview and Level Annotations

Branches:
Dungeon (1/15)

Altars:


Innate Abilities, Weirdness & Mutations

You reflexively headbutt those who attack you in melee.
You have a pair of horns on your head.


Message History

Found a scroll labeled SEPADI KOGUWEA.
You hit the goblin.
The goblin is severely wounded.
The goblin hits you but does no damage.
You hit the goblin.
You kill the goblin!
No target in view!
No target in view!
You now have 45 gold pieces (gained 19).
All of the chunks of flesh in your inventory have rotted away.
There is a large open door here.
There is a large open door here.
There is a large open door here.
There is a large open door here.
There is a large open door here.
There is a large open door here.
There is an open door here.
There is a staircase leading out of the dungeon here.
Are you sure you want to leave the Dungeon?
This will make you lose the game!
You have escaped!

.# #.. ### #.## .# #.. ..... ..
.######.##..... .#
............... . #.......# # ##
#.##.#### ####### ≈♣≈# ####
####.....# #@...8####8####8..
#........# #.≈#.....'.......+...
####.....###.≈#8...8##8#'#8##8..
........))...≈###'######'######'
......(......≈# #.##♣♣.....♣♣##.
#####.....###.≈♣ 8.#♣≈.......≈♣#.
...#...#...#.≈#≈#.8#.........#8.
#.#..##.#.#.≈###.##...≈♣≈...##.
..#.........#..''..++...♣8♣...''.


There were no monsters in sight!

Vanquished Creatures
  2 adder zombies (D:1)
  2 dart slugs (D:1)
  A bat (D:1)
  4 goblins (D:1)
  A hobgoblin (D:1)
  A frilled lizard (D:1)
  2 kobolds (D:1)
  2 rats (D:1)
15 creatures vanquished.

Notes
Turn   | Place    | Note
-------+----------+-------------------------------------------
     0 | D:1      | grizmgrazm2 the Minotaur Monk began the quest for the Orb.
     0 | D:1      | Reached XP level 1. HP: 19/19 MP: 0/0
    26 | D:1      | Reached XP level 2. HP: 23/27 MP: 1/1
   148 | D:1      | Reached skill level 4 in Fighting
   384 | D:$      | Got out of the dungeon alive.

Vault maps used:
D:1:      saegor_arrival_fortress, minivault_23, st_stairs_6

Skill      XL: |  1  2 |
---------------+-------+-----
Fighting       | 4 |  4.2
Dodging        | |  3.8
Stealth        | |  1.5
Unarmed Combat | |  3.5

Action                   || total
-------------------------++-------
Melee: Unarmed           ||    30
       Headbutt          ||     5
       Whip              ||     2
Armor: Ring mail         ||     8
Dodge: Dodged            ||    20

Table legend:
 A = Spawn XP
 B = Non-spawn XP
 C = Spawn XP percentage of total XP
 D = Spawn monster count
 E = Non-spawn monster count
 F = Spawn count percentage of total count
 G = Total turns spent on level
                    A         B        C        D         E        F      G
               +---------+---------+-------+---------+---------+-------+---------
         Total |       0 |      37 |   0.0 |       0 |      15 |   0.0 |   384
               +---------+---------+-------+---------+---------+-------+---------
           D:1 |       0 |      37 |   0.0 |       0 |      15 |   0.0 |   384
               +---------+---------+-------+---------+---------+-------+---------
